[Event "DFMMLV 2019"]
[Site "Braunfels"]
[Date "2019.06.23"]
[Round "5.46"]
[White "Biesdorf, Ina"]
[Black "Albayrak, Nese Pinar"]
[Result "0-1"]
[ECO "D00"]
[WhiteElo "1405"]
[BlackElo "1530"]
[Annotator "NA"]
[PlyCount "150"]
[EventDate "2019.06.20"]
[EventType "team-tourn"]
[EventCountry "GER"]
[SourceTitle "playchess.com"]
[Source "ChessBase"]
[SourceQuality "1"]
[WhiteTeam "Hessen 2"]
[BlackTeam "Bayern 2"]
[TimeControl "40/5400+30:1800+30"]

1. d4 d5 2. Bf4 c6 3. e3 Bf5 4. c4 Nf6 5. Nc3 e6 6. Nf3 Nbd7 7. Be2 Be7 8. O-O O-O 9. h3 Re8 10. Rc1 Nf8 11. cxd5 exd5 12. Qb3 Qb6 13. Qxb6 axb6 14. a4 Ne6 15. Bh2 Ne4 16. b3 Ba3 17. Rc2 Ng3 18. Ra2 Nxf1 19. Rxa3 Nxh2 20. Nxh2 b5 21. Ra2 b4 22. Nd1 b6 23. h4 Nc7 24. g4 Be6 25. Rc2 Bd7 26. Nb2 f6 27. Nd3 Na6 28. Ne1 Rec8 29. Bf3 Be6 30. Bg2 Ra7 31. f4 c5 32. f5 Bf7 33. Bf1 Nb8 34. Nd3 Rac7 35. Nf3 Na6 36. Nde1 c4 37. Rb2 Nb8 38. bxc4 dxc4 39. Rxb4 c3 40. Rb1 c2 41. Rc1 Be8 42. Nd3 Rc3 43. Nd2 Bxa4 44. e4 Bb5 45. Nb4 Bxf1 46. Kxf1 Rh3 47. Rxc2 Rxc2 48. Nxc2 Rh2 49. Ke1 Rxh4 50. Ne3 Rh1+ 51. Ke2 Ra1 52. Kd3 b5 53. d5 Ra4 54. Nc2 Nd7 55. Kc3 Nc5 56. Nb4 Na6 57. Nxa6 Rxa6 58. Kb4 Ra2 59. Nb3 Rg2 60. d6 Kf8 61. Kxb5 Rxg4 62. Nc5 Rg1 63. Kc6 Rc1 64. Kd5 Rxc5+ 65. Kxc5 Ke8 66. Kd5 Kd7 67. e5 fxe5 68. Kxe5 h5 69. Kf4 Kxd6 70. Kg5 Ke5 71. f6 gxf6+ 72. Kxh5 Kf4 73. Kh4 Kf3 74. Kh3 f5 75. Kh2 f4 0-1

[Event "DFMMLV 2019"]
[Site "Braunfels"]
[Date "2019.06.23"]
[Round "5.47"]
[White "Weber, Leonora"]
[Black "Biesdorf, Ina"]
[Result "*"]
[WhiteElo "1712"]
[BlackElo "1405"]
[Annotator "NA"]
[PlyCount "29"]
[EventDate "2019.06.20"]
[EventType "team-tourn"]
[EventCountry "GER"]
[SourceTitle "playchess.com"]
[Source "ChessBase"]
[SourceQuality "1"]
[WhiteTeam "Bayern 2"]
[BlackTeam "Hessen 2"]
[TimeControl "40/5400+30:1800+30"]

1. e4 e5 2. Nf3 Nc6 3. Bc4 Bc5 4. c3 Nf6 5. d4 exd4 6. cxd4 Bb4+ 7. Bd2 Bxd2+ 8. Nbxd2 d5 9. exd5 Nxd5 10. Qb3 Nce7 11. O-O O-O 12. Ne4 b6 13. Rac1 Bb7 14. Nc3 Nf4 15. d5 *

[Event "DFMMLV 2019"]
[Site "Braunfels"]
[Date "2019.06.23"]
[Round "5.47"]
[White "Weber, Leonora"]
[Black "Dixon Quiroz, Laura Michaela"]
[Result "0-1"]
[ECO "C54"]
[WhiteElo "1712"]
[BlackElo "1258"]
[Annotator "NA"]
[PlyCount "54"]
[EventDate "2019.06.20"]
[EventType "team-tourn"]
[EventCountry "GER"]
[SourceTitle "playchess.com"]
[Source "ChessBase"]
[SourceQuality "1"]
[WhiteTeam "Bayern 2"]
[BlackTeam "Hessen 2"]
[TimeControl "40/5400+30:1800+30"]

1. e4 e5 2. Nf3 Nc6 3. Bc4 Bc5 4. c3 Nf6 5. d4 exd4 6. cxd4 Bb4+ 7. Bd2 Bxd2+ 8. Nbxd2 d5 9. exd5 Nxd5 10. Qb3 Nce7 11. O-O O-O 12. Ne4 b6 13. Rac1 Bb7 14. Nc3 Nf4 15. d5 Nfxd5 16. Rcd1 c6 17. Ne5 Qd6 18. Nxc6 Bxc6 19. Nxd5 Nxd5 20. Bxd5 Bxd5 21. Rxd5 Qe6 22. Rfd1 Rfe8 23. h3 h6 24. Qa3 Re7 25. Rd8+ Rxd8 26. Rxd8+ Kh7 27. Qd3+ Qg6 0-1

[Event "DFMMLV 2019"]
[Site "Braunfels"]
[Date "2019.06.23"]
[Round "5.48"]
[White "Peschel, Julia"]
[Black "Albayrak, Berrak"]
[Result "1/2-1/2"]
[ECO "B06"]
[WhiteElo "1275"]
[BlackElo "1491"]
[Annotator "NA"]
[PlyCount "93"]
[EventDate "2019.06.20"]
[EventType "team-tourn"]
[EventCountry "GER"]
[SourceTitle "playchess.com"]
[Source "ChessBase"]
[SourceQuality "1"]
[WhiteTeam "Hessen 2"]
[BlackTeam "Bayern 2"]
[TimeControl "40/5400+30:1800+30"]

1. e4 d6 2. d4 Nf6 3. Bd3 g6 4. Nf3 Bg7 5. Be3 c6 6. h3 Qc7 7. c3 O-O 8. O-O e5 9. Qd2 Re8 10. dxe5 dxe5 11. Bh6 Be6 12. Bxg7 Kxg7 13. Qg5 Nbd7 14. Nbd2 Rad8 15. Rfe1 Nc5 16. Bc2 Nd3 17. Bxd3 Rxd3 18. Nb3 Bc4 19. Nc5 Rdd8 20. Nh4 Ng8 21. Nf5+ Kf8 22. Ne3 Be6 23. Nxe6+ Rxe6 24. Rad1 f6 25. Qg4 Red6 26. Rxd6 Rxd6 27. Nc4 Rd3 28. Qe2 Qd7 29. h4 b5 30. Ne3 Rd2 31. Qf3 Rxb2 32. Ng4 Kg7 33. Ra1 c5 34. Qe3 h5 35. Nh2 Qd2 36. Qxc5 Rxa2 37. Rxa2 Qxa2 38. Qxb5 Qa1+ 39. Nf1 Qxc3 40. Qb7+ Kf8 41. Qb8+ Kf7 42. Qxa7+ Ne7 43. Qa2+ Kf8 44. Qa8+ Kf7 45. Qh8 Qd4 46. Qh7+ Ke6 47. Ng3 1/2-1/2

[Event "DFMMLV 2019"]
[Site "Braunfels"]
[Date "2019.06.23"]
[Round "5.49"]
[White "Zimmer, Elke"]
[Black "Krasnopeyeva, Julia"]
[Result "1-0"]
[ECO "B24"]
[WhiteElo "1926"]
[BlackElo "1922"]
[Annotator "NA"]
[PlyCount "71"]
[EventDate "2019.06.20"]
[EventType "team-tourn"]
[EventCountry "GER"]
[SourceTitle "playchess.com"]
[Source "ChessBase"]
[SourceQuality "1"]
[WhiteTeam "Saarland"]
[BlackTeam "Rheinland Pfalz"]
[TimeControl "40/5400+30:1800+30"]

1. e4 c5 2. Nc3 Nc6 3. g3 e5 4. Bg2 g6 5. d3 Bg7 6. Nd5 d6 7. Ne2 Be6 8. c4 Nd4 9. Nxd4 Bxd5 10. cxd5 c4 11. dxc4 exd4 12. Qa4+ Qd7 13. Qxd7+ Kxd7 14. Bg5 h6 15. Bh3+ Kc7 16. Bd2 Nf6 17. Rc1 b6 18. b4 Rhe8 19. O-O Nd7 20. f4 Re7 21. Rc2 Rae8 22. a4 Kb7 23. Rb1 Ka8 24. b5 a6 25. a5 bxa5 26. Bxd7 Rxd7 27. Bxa5 axb5 28. Bb6 bxc4 29. Rxc4 f5 30. exf5 Rf7 31. h3 Rxf5 32. h4 Rc8 33. h5 g5 34. fxg5 hxg5 35. Bxd4 Bxd4+ 36. Rxd4 1-0

[Event "DFMMLV 2019"]
[Site "Braunfels"]
[Date "2019.06.23"]
[Round "5.50"]
[White "Kalina, Lena"]
[Black "Noll, Sonja"]
[Result "0-1"]
[ECO "A40"]
[WhiteElo "1687"]
[BlackElo "1777"]
[Annotator "NA"]
[PlyCount "66"]
[EventDate "2019.06.20"]
[EventType "team-tourn"]
[EventCountry "GER"]
[SourceTitle "playchess.com"]
[Source "ChessBase"]
[SourceQuality "1"]
[WhiteTeam "Rheinland Pfalz"]
[BlackTeam "Saarland"]
[TimeControl "40/5400+30:1800+30"]

1. d4 Nc6 2. d5 Ne5 3. e4 e6 4. dxe6 fxe6 5. Bf4 Ng6 6. Bg3 e5 7. Nf3 Nf6 8. Nxe5 Nxe5 9. Bxe5 Bc5 10. Bxf6 Bxf2+ 11. Kxf2 Qxf6+ 12. Qf3 Qxb2 13. Qc3 O-O+ 14. Ke2 Qb5+ 15. Ke1 Qg5 16. Nd2 d5 17. Nf3 Qf4 18. exd5 Bg4 19. Be2 Rae8 20. Kf2 Re7 21. Rhe1 Qxh2 22. Rh1 Rxe2+ 23. Kxe2 Qxg2+ 24. Kd3 Rxf3+ 25. Kc4 b5+ 26. Kb3 Rxc3+ 27. Kxc3 Qxd5 28. Rhg1 c5 29. Kb2 Qd4+ 30. c3 Qd2+ 31. Kb3 Be6+ 32. c4 Bxc4+ 33. Ka3 Qc3# 0-1

[Event "DFMMLV 2019"]
[Site "Braunfels"]
[Date "2019.06.23"]
[Round "5.51"]
[White "Ramm, Madlen"]
[Black "Lerch, Cornelia"]
[Result "1-0"]
[ECO "C22"]
[WhiteElo "1733"]
[BlackElo "1861"]
[Annotator "NA"]
[PlyCount "33"]
[EventDate "2019.06.20"]
[EventType "team-tourn"]
[EventCountry "GER"]
[SourceTitle "playchess.com"]
[Source "ChessBase"]
[SourceQuality "1"]
[WhiteTeam "Saarland"]
[BlackTeam "Rheinland Pfalz"]
[TimeControl "40/5400+30:1800+30"]

1. e4 e5 2. d4 exd4 3. Qxd4 Nc6 4. Qe3 Bb4+ 5. Bd2 Bxd2+ 6. Qxd2 d6 7. Nc3 Nge7 8. O-O-O Be6 9. Nge2 O-O 10. Nf4 Bd7 11. Be2 Kh8 12. h4 f5 13. h5 fxe4 14. Nxe4 Nf5 15. Ng6+ hxg6 16. hxg6+ Nh6 17. Rxh6+ 1-0

[Event "DFMMLV 2019"]
[Site "Braunfels"]
[Date "2019.06.23"]
[Round "5.52"]
[White "Marx, Christina"]
[Black "Fuchs, Emily"]
[Result "1/2-1/2"]
[ECO "C50"]
[WhiteElo "1605"]
[BlackElo "1384"]
[Annotator "NA"]
[PlyCount "142"]
[EventDate "2019.06.20"]
[EventType "team-tourn"]
[EventCountry "GER"]
[SourceTitle "playchess.com"]
[Source "ChessBase"]
[SourceQuality "1"]
[WhiteTeam "Rheinland Pfalz"]
[BlackTeam "Saarland"]
[TimeControl "40/5400+30:1800+30"]

1. e4 e5 2. Nf3 Nc6 3. Bc4 Nf6 4. d3 Bc5 5. c3 d5 6. exd5 Nxd5 7. O-O O-O 8. h3 a6 9. Nbd2 Bf5 10. Ne4 Bxe4 11. dxe4 Nb6 12. Bd5 Nxd5 13. exd5 Ne7 14. Qb3 Bb6 15. Bg5 Qd6 16. c4 f6 17. Bh4 Kh8 18. Bg3 Qc5 19. Nd2 a5 20. a3 Nf5 21. Bh2 Nd4 22. Qd3 Qe7 23. Kh1 f5 24. f3 Rae8 25. Rae1 Qf6 26. b4 axb4 27. axb4 c5 28. b5 Ba5 29. Rd1 Bxd2 30. Rxd2 Qe7 31. Rdf2 Kg8 32. Qe3 b6 33. f4 e4 34. Ra1 Ra8 35. Ra6 Rxa6 36. bxa6 Ra8 37. Ra2 b5 38. cxb5 Nxb5 39. Bg1 Nd4 40. Qa3 Qa7 41. Qa4 Rd8 42. Qc4 Rd6 43. Bxd4 cxd4 44. Qc8+ Kf7 45. Qxf5+ Rf6 46. Qxe4 g6 47. Ra4 Rxa6 48. Rxa6 Qxa6 49. Qxd4 Qd6 50. Qe5 Qe7 51. d6 Qe6 52. Qd4 Qd7 53. Qd5+ Qe6 54. Qb7+ Ke8 55. Qb8+ Kd7 56. Qc7+ Ke8 57. Qc6+ Kd8 58. Kh2 Qd7 59. Qd5 Qf5 60. Qe5 Qf7 61. g4 Kd7 62. f5 gxf5 63. Qxf5+ Qxf5 64. gxf5 Kxd6 65. Kg3 Ke5 66. Kg4 Kf6 67. Kf4 h6 68. Kg4 h5+ 69. Kxh5 Kxf5 70. Kh6 Kf6 71. h4 Ke5 1/2-1/2

[Event "DFMMLV 2019"]
[Site "Braunfels"]
[Date "2019.06.23"]
[Round "5.54"]
[White "Perovic-Ottstadt, Sanja"]
[Black "Weinmann, Helene"]
[Result "1/2-1/2"]
[ECO "D03"]
[WhiteElo "1593"]
[BlackElo "1522"]
[Annotator "NA"]
[PlyCount "71"]
[EventDate "2019.06.20"]
[EventType "team-tourn"]
[EventCountry "GER"]
[SourceTitle "playchess.com"]
[Source "ChessBase"]
[SourceQuality "1"]
[WhiteTeam "Rheinland Pfalz"]
[BlackTeam "Saarland"]
[TimeControl "40/5400+30:1800+30"]

1. d4 Nf6 2. Nf3 g6 3. c3 Bg7 4. Bg5 O-O 5. Nbd2 d5 6. e3 Nbd7 7. Be2 c5 8. O-O cxd4 9. exd4 Re8 10. Re1 Qb6 11. Qb3 Qxb3 12. Nxb3 Ne4 13. Bf4 Nd6 14. Nbd2 Nb6 15. Bd3 Bf5 16. Bf1 Ne4 17. h3 Nxd2 18. Nxd2 Bd7 19. Bd3 e6 20. Nf3 Rac8 21. Rac1 Nc4 22. b3 Na5 23. Ne5 Bxe5 24. Bxe5 Nc6 25. Bf4 Kg7 26. Bb5 a6 27. Bd3 Na7 28. a4 b5 29. a5 Nc6 30. b4 Nd8 31. Be5+ Kg8 32. Kf1 Nb7 33. g4 Rc6 34. Rc2 Rec8 35. Rec1 Nd6 36. Bxd6 1/2-1/2

[Event "DFMMLV 2019"]
[Site "Braunfels"]
[Date "2019.06.23"]
[Round "5.55"]
[White "Alhassan, Jodi"]
[Black "Boos-Guckes, Astrid"]
[Result "1/2-1/2"]
[ECO "C10"]
[WhiteElo "1108"]
[BlackElo "1329"]
[Annotator "NA"]
[PlyCount "86"]
[EventDate "2019.06.20"]
[EventType "team-tourn"]
[EventCountry "GER"]
[SourceTitle "playchess.com"]
[Source "ChessBase"]
[SourceQuality "1"]
[WhiteTeam "Saarland"]
[BlackTeam "Rheinland Pfalz"]
[TimeControl "40/5400+30:1800+30"]

1. e4 e6 2. d4 d5 3. Nc3 c5 4. Nf3 cxd4 5. Qxd4 Nc6 6. Bb5 Bd7 7. Bxc6 Bxc6 8. e5 Ne7 9. Nh4 Qd7 10. a4 b6 11. O-O Ng6 12. Nxg6 hxg6 13. b4 Be7 14. b5 Bb7 15. g3 O-O 16. Rd1 Rfc8 17. Ra2 Rc4 18. Qd3 Bb4 19. Ne2 Rac8 20. Bd2 Bxd2 21. Rxd2 Qc7 22. Kf1 Qxe5 23. f4 Qe4 24. Qxe4 Rxe4 25. Kf2 Rb4 26. Rd1 Rbc4 27. Rd2 Ra8 28. Rd4 Rxd4 29. Nxd4 Rc8 30. Ke2 Ra8 31. Kf2 a6 32. bxa6 Bxa6 33. Rb2 Rb8 34. Nc6 Rb7 35. Nd8 Rd7 36. Rxb6 Bc8 37. Nc6 Rb7 38. Rxb7 Bxb7 39. Nb4 Bc8 40. a5 Bd7 41. a6 Bc8 42. a7 Bb7 43. Ke3 Kf8 {Ke4} 1/2-1/2